 Dungeon Crawl Stone Soup version 0.26-a0-667-g92642533e4 (webtiles) character file.

Game seed: 3449682013853202533

15 jasper the Conjurer (level 2, 0/21 HPs)
             Began as a Demonspawn Wanderer on Oct 18, 2020.
             Slain by a goblin
             ... wielding a +0 hand axe
              (8 damage)
             ... on level 1 of the Dungeon.
             The game lasted 00:02:01 (693 turns).

jasper the Conjurer (Demonspawn Wanderer)            Turns: 693, Time: 00:02:01

Health: 0/21       AC:  2    Str: 14    XL:     2   Next: 34%
Magic:  2/5        EV: 11    Int: 13    God:
Gold:   0          SH:  0    Dex: 10    Spells: 3/5 levels left

rFire    . . .     SeeInvis .   a - +0 club
rCold    + . .     Faith    .   (no shield)
rNeg     . . .     Spirit   .   d - +0 robe
rPois    .         Reflect  .   (no helmet)
rElec    .         Harm     .   (no cloak)
rCorr    .         Rampage  .   (no gloves)
MR       .....                  (no boots)
Stlth    +.........             (no amulet)
HPRegen  0.07/turn              (no ring)
MPRegen  0.09/turn              (no ring)

@: no status effects
A: cold resistance 1
a: no special abilities


You were on level 1 of the Dungeon.
You visited 1 branch of the dungeon, and saw 1 of its levels.

Inventory:

Hand Weapons
 a - a +0 club (weapon)
Missiles
 e - 14 stones (quivered)
Armour
 d - a +0 robe (worn)
Scrolls
 b - 2 scrolls of teleportation
 c - a scroll of fear {unknown}


   Skills:
 - Level 1.0 Fighting
 - Level 1.7 Armour
 - Level 1.0 Stealth
 - Level 2.0 Spellcasting
 + Level 2.4 Conjurations
   Level 2.0 Summonings
   Level 1.0 Evocations


You had 3 spell levels left.
You knew the following spells:

 Your Spells              Type           Power        Failure   Level
a - Magic Dart            Conj           #...         10%         1
b - Animate Skeleton      Necr           #.....       26%         1

Your spell library contained the following spells:

 Spells                   Type           Power        Failure   Level
 Call Imp                 Summ           #.......     17%         2
 Blink                    Tloc           N/A          36%         2
 Slow                     Hex            #.......     36%         2
 Conjure Flame            Conj/Fire      #.......     43%         3
 Mephitic Cloud           Conj/Pois/Air  #.......     50%         3
 Vampiric Draining        Necr           #.........   58%         3


Dungeon Overview and Level Annotations

Branches:
Dungeon (1/15)

Altars:


Innate Abilities, Weirdness & Mutations

Your flesh is cold resistant. (rC+)


Message History

There is a staircase leading out of the dungeon here.
The goblin barely misses you.
Unknown command.
Unknown command.
Casting: Magic Dart (safe; 10% risk of failure)
Confirm with . or Enter, or press ? or * to list all spells.
Aiming: Magic Dart (safe; 10% risk of failure)
Press: ? - help, Shift-Dir - straight line, f/p - goblin
Aim: a goblin, wielding a +0 hand axe and wearing a cursed +0 scale mail The magic dart hits the goblin but does no damage.
You now have 3/5 mp.
Casting: Magic Dart (safe; 10% risk of failure)
Confirm with . or Enter, or press ? or * to list all spells.
Aiming: Magic Dart (safe; 10% risk of failure)
Press: ? - help, Shift-Dir - straight line, f/p - goblin
Aim: a goblin, wielding a +0 hand axe and wearing a cursed +0 scale mail The magic dart hits the goblin.
The goblin is severely wounded.
The goblin hits you with a +0 hand axe!
You die...

##.# #.##
#..# ##.#
#.#
♣♣♣♣♣.♣♣♣
♣......<♣
♣.P.PPP.♣
♣.P{{{P@♣
♣.P{8{Pg♣
♣.P{{{P.♣


♣.PPPPP.♣ ♣.......♣ ♣♣♣♣♣♣♣♣♣ You could see a goblin.

Vanquished Creatures
  A giant cockroach (D:1)
  6 goblins (D:1)
  4 hobgoblins (D:1)
  A rat (D:1)
12 creatures vanquished.

Vanquished Creatures (others)
  A plant (D:1)
1 creature vanquished.

Grand Total: 13 creatures vanquished

Notes
Turn   | Place    | Note
-------+----------+-------------------------------------------
     0 | D:1      | jasper the Demonspawn Wanderer began the quest for the Orb.
     0 | D:1      | jasper set off with the following items: a +0 club, a
                  | scroll of teleportation, a +0 robe; and the following
                  | spells available to memorise: Magic Dart, Call Imp, Animate
                  | Skeleton, Blink, Slow, Conjure Flame, Mephitic Cloud,
                  | Vampiric Draining
     0 | D:1      | Reached XP level 1. HP: 15/15 MP: 3/3
     2 | D:1      | Learned a level 1 spell: Magic Dart
   182 | D:1      | Learned a level 1 spell: Animate Skeleton
   370 | D:1      | Gained mutation: Your flesh is cold resistant. (rC+)
                  | [demonic ancestry]
   370 | D:1      | Reached XP level 2. HP: 21/21 MP: 1/5
   693 | D:1      | Slain by a goblin

Illustrated notes

Levels and vault maps discovered:
D:1:      tarquinn_simple_flora_water_a, layout_rooms, minmay_pentomino_p2

Skill      XL: |  1 |
---------------+----+-----
Conjurations   | 2 |  2.4
Fighting       | |  1.0
Armour         | |  1.7
Stealth        | |  1.0
Spellcasting   | |  2.0
Summonings     | |  2.0
Evocations     | |  1.0

Action                   || total
-------------------------++-------
Melee: Club              ||    13
Throw: Stone             ||     1
 Cast: Magic Dart        ||    38
Armor: Robe              ||     1
Dodge: Dodged            ||    10

Table legend: (Time is in decaauts)
 A = Elapsed time spent in this place.
 B = Non-inter-level travel time spent in this place.
 C = Inter-level travel time spent in this place.
 D = Time resting spent in this place.
 E = Time spent auto-exploring this place.
 F = Levels seen in this place.
 G = Mean time per level.
                   A        B        C        D        E       F      G
               +--------+--------+--------+--------+--------+-----+--------+
         Total |    697 |    697 |      0 |     70 |    389 |   1 |  697.0 |
       Dungeon |    697 |    697 |      0 |     70 |    389 |   1 |  697.0 |
               +--------+--------+--------+--------+--------+-----+--------+

Top non-repeatable levels by time:
     D:1: 697 daAuts
